 Dungeon Crawl Stone Soup version 0.25.1-2-g60ff931df9 (webtiles) character file.

Game seed: 13002279981154298162

1 gruber the Caller (level 1, -3/13 HPs)
             Began as a Gnoll Summoner on Oct 17, 2020.
             Slain by a kobold
             ... wielding a +0 short sword
              (5 damage)
             ... on level 1 of the Dungeon.
             The game lasted 00:00:12 (81 turns).

gruber the Caller (Gnoll Summoner)                    Turns: 81, Time: 00:00:13

Health: -3/13      AC:  2    Str: 10    XL:     1   Next: 20%
Magic:  5/6        EV: 14    Int: 17    God:
Gold:   28         SH:  0    Dex: 15    Spells: 8/9 levels left

rFire    . . .     SeeInvis .   (no weapon)
rCold    . . .     Gourm    .   (no shield)
rNeg     . . .     Faith    .   a - +0 robe
rPois    .         Spirit   .   (no helmet)
rElec    .         Reflect  .   (no cloak)
rCorr    .         Harm     .   (no gloves)
MR       .....                  (no boots)
Stlth    +++.......             (no amulet)
HPRegen  0.04/turn              (no ring)
MPRegen  0.10/turn              (no ring)

@: no status effects
A: distributed training, fangs 1, strong nose
a: no special abilities


You were on level 1 of the Dungeon.
You were not hungry.

You visited 1 branch of the dungeon, and saw 1 of its levels.

You collected 28 gold pieces.

Inventory:

Armour
 a - a +0 robe (worn)
Scrolls
 b - a scroll of amnesia {unknown}
 d - 2 scrolls of identify {unknown}
Potions
 e - 2 potions of heal wounds {unknown}
 f - a potion of curing {unknown}
Comestibles
 c - a ration


   Skills:
 + Level 0.0 Fighting
 + Level 0.0 Short Blades
 + Level 0.0 Long Blades
 + Level 0.0 Axes
 + Level 0.0 Maces & Flails
 + Level 0.0 Polearms
 + Level 0.0 Staves
 + Level 0.0 Slings
 + Level 0.0 Bows
 + Level 0.0 Crossbows
 + Level 0.0 Throwing
 + Level 0.0 Armour
 + Level 4.4 Dodging
 + Level 4.0 Stealth
 + Level 0.0 Shields
 + Level 0.0 Unarmed Combat
 + Level 4.8 Spellcasting
 + Level 0.0 Conjurations
 + Level 0.0 Hexes
 + Level 0.0 Charms
 + Level 7.0 Summonings
 + Level 0.0 Necromancy
 + Level 0.0 Translocations
 + Level 0.0 Transmutations
 + Level 0.0 Fire Magic
 + Level 0.0 Ice Magic
 + Level 0.0 Air Magic
 + Level 0.0 Earth Magic
 + Level 0.0 Poison Magic
 + Level 0.0 Invocations
 + Level 0.0 Evocations


You had 8 spell levels left.
You knew the following spells:

 Your Spells              Type           Power        Failure   Level  Hunger
a - Summon Small Mammal   Summ           ####         1%          1    None

Your spell library contained the following spells:

 Spells                   Type           Power        Failure   Level  Hunger
 Call Imp                 Summ           ####....     1%          2    #......
 Call Canine Familiar     Summ           ####....     2%          3    ###....
 Summon Guardian Golem    Hex/Summ       ###.....     11%         3    ###....
 Summon Ice Beast         Ice/Summ       ###.....     34%         4    ####...
 Summon Lightning Spire   Summ/Air       ###.....     34%         4    ####...


Dungeon Overview and Level Annotations

Branches:
Dungeon (1/15)

Altars:


Innate Abilities, Weirdness & Mutations

Your experience applies equally to all skills.
You have very sharp teeth.
Your uncanny sense of smell can sniff out nearby items.


Message History

Your quokka closely misses the kobold.
The kobold hits your quokka with a +0 short sword.
Your quokka dies!
Your quokka's corpse disappears in a puff of smoke!
Casting: Summon Small Mammal (safe; 1% risk of failure)
Confirm with . or Enter, or press ? or * to list all spells.
You hit the kobold but do no damage.
The kobold hits you with a +0 short sword.
Your bat misses the kobold.
You are too injured to fight recklessly!
You hit the kobold but do no damage. You bite the kobold, but do no damage.
Your bat closely misses the kobold.
Your bat hits the kobold but does no damage.
The kobold hits you with a +0 short sword.
* * * LOW HITPOINT WARNING * * *
Your bat hits the kobold but does no damage.
You closely miss the kobold. Your bat hits the kobold.
Your bat barely misses the kobold.
The kobold hits you with a +0 short sword.
You die...

........ #.#.#.##
......#
.#.#.#.#.##
..........#
.#.#.#.#g## #####
#.##r# #### #...#
#. #K##...## #.#..
# #@b..# .. ##...
##.#.#.#.## ##....
#....# ...# #.....
#.#######.###...##
#....#.....##..###
##.#.#.#.#......##
#...#.....#....##
###........#....#
####.##.##.....


You could see a hobgoblin, a kobold, a rat and a friendly bat (summoned).

Vanquished Creatures (collateral kills)
  A giant cockroach (D:1)
  A kobold (D:1)
2 creatures vanquished.

Notes
Turn   | Place    | Note
-------+----------+-------------------------------------------
     0 | D:1      | gruber the Gnoll Summoner began the quest for the Orb.
     0 | D:1      | Reached XP level 1. HP: 13/13 MP: 6/6
    81 | D:1      | Slain by a kobold

Illustrated notes

Levels and vault maps discovered:
D:1:      dpeg_arrival_arbitrary_b, layout_loops_corners, st_stairs_11

Action                   || total
-------------------------++-------
Melee: Unarmed           ||    20
       Bite              ||     3
 Cast: Summon Small Mamm ||     3
Armor: Robe              ||     4
Dodge: Dodged            ||    15
